 Dungeon Crawl Stone Soup version 0.30-a0-341-g682706514a (console) character file.

Game seed: 4486624827382557085

136709 jejorda2 the Phalangite (level 17, -13/144 HPs)
             Began as a Merfolk Berserker on Nov 1, 2022.
             Was a High Priest of Trog.
             Killed from afar by a deep elf knight (43 damage)
             ... with a shard of ice
             ... on level 1 of the Elven Halls.
             The game lasted 01:40:30 (31494 turns).

jejorda2 the Phalangite (Merfolk Berserker)        Turns: 31494, Time: 01:40:30

Health: -13/144    AC: 29    Str: 23    XL:     17   Next: 22%
Magic:  0/17       EV: 14    Int: 10    God:    Trog [*****.]
Gold:   3013       SH:  0    Dex: 17    Spells: 16/16 levels left

rFire   + + .      SeeInvis +    a - +2 bardiche (vorpal)
rCold   . . .      Faith    .    (shield currently unavailable)
rNeg    . . .      Spirit   +    m - +7 chain mail "Qetamufu" {Stlth+}
rPois   .          Reflect  .    x - +0 helmet {Int+3}
rElec   .          Harm     .    (no cloak)
rCorr   .          Rampage  .    I - +2 pair of gloves
Will    +++..                    t - +1 pair of boots
Stlth   ..........               Z - amulet of guardian spirit
HPRegen 1.44/turn                h - +4 ring of protection
MPRegen 0.15/turn                V - ring of Ceosid {Fly rF++ Dex+2 SInv}

@: strong-willed, flying, regenerating, slowed, very slow
A: (nimble swimmer 2), mertail, screaming 1
a: Renounce Religion, Berserk, Trog's Hand, Brothers in Arms


You were on level 1 of the Elven Halls.
You worshipped Trog.
Trog was extremely pleased with you.
You visited 5 branches of the dungeon, and saw 24 of its levels.
You also visited: Sewer, Gauntlet and Volcano.

You collected 3013 gold pieces.

Inventory:

Hand Weapons
 a - a +2 vorpal bardiche (weapon)
 b - a +0 trident
Missiles
 i - 17 boomerangs (quivered)
 l - 26 poisoned darts
 z - 138 stones
 A - 2 throwing nets
 G - a curare-tipped dart
 K - 10 javelins
Armour
 m - the +7 chain mail "Qetamufu" (worn) {Stlth+}
   (You found it on level 2 of the Dungeon)

   Stlth:     It makes you more stealthy.
 t - a +1 pair of boots (worn)
 x - a +0 helmet of intelligence (worn)
 I - a +2 pair of gloves (worn)
Jewellery
 h - a +4 ring of protection (left hand)
 j - a +4 ring of protection
 k - a ring of protection from cold
 n - the ring "Gyalis" {Will+ Str+5}
   (You found it in a Gauntlet)

   [ring of willpower]

   Str:       It affects your strength (+5).
   Will:      It increases your willpower.
 v - the ring "Sisa" {rF+ rN++}
   (You found it in a Gauntlet)

   [ring of protection from fire]

   rF:        It protects you from fire.
   rN:        It greatly protects you from negative energy.
 B - a ring of ice
 O - the ring "Mota Deahu" {rCorr Str+4 Int-2 Dex+9}
   (You found it on level 4 of the Lair of Beasts)

   [ring of resist corrosion]

   Str:       It affects your strength (+4).
   Int:       It affects your intelligence (-2).
   Dex:       It affects your dexterity (+9).
   rCorr:     It protects you from acid and corrosion.
 V - the ring of Ceosid (right hand) {Fly rF++ Dex+2 SInv}
   (You acquired it on level 13 of the Dungeon)

   [ring of see invisible]

   Dex:       It affects your dexterity (+2).
   rF:        It greatly protects you from fire.
   SInv:      It lets you see invisible.
   Fly:       It grants you flight.
 Z - an amulet of guardian spirit (around neck)
Wands
 y - a wand of charming (7)
 D - a wand of light (7)
 E - a wand of digging (2)
 M - a wand of mindburst (15)
Scrolls
 g - 4 scrolls of butterflies
 p - 13 scrolls of teleportation
 F - 2 scrolls of fear
 J - a scroll of blinking
 N - 3 scrolls of poison
 Q - a scroll of summoning
 R - a scroll of magic mapping
 S - a scroll of immolation
 T - a scroll of silence
 X - 2 scrolls of identify
Potions
 c - 6 potions of lignification
 d - 5 potions of curing
 e - 4 potions of resistance
 f - 7 potions of haste
 o - 8 potions of attraction
 r - 5 potions of heal wounds
 s - 3 potions of mutation
 u - 4 potions of magic
 w - 4 potions of cancellation
 C - 3 potions of flight
 U - a potion of berserk rage
 Y - a potion of might
Miscellaneous
 q - a tin of tremorstones (2/2)
 H - a phial of floods
 P - a condenser vane
 W - a lightning rod (4/4)


   Skills:
 + Level 15.9 Fighting
 - Level 24.0 Polearms
 - Level 12.0 Throwing
 - Level 9.4 Armour
 - Level 12.0 Dodging
 - Level 6.0 Evocations


You had 16 spell levels left.
You didn't know any spells.
Your spell library was empty.

Dungeon Overview and Level Annotations

Branches:
Dungeon (15/15)            Temple (0/1) D:6            Lair (5/5) D:10
  Swamp (0/4) Lair:2       Spider (1/4) Lair:2        Slime (0/5) Lair:4
    Orc (2/2) D:11            Elf (1/3) Orc:2        Vaults (0/5) D:14
 Depths (0/4) D:15          Sewer (visited)         Volcano (visited)
Gauntlet (visited)

Altars:
Elyvilon
Fedhas
Kikubaaqudgha
Makhleb
Qazlal
Wu Jian
Jiyva

Shops:
D:7 :   Orc:2 ?:*[

Portals:
Pandemonium: Orc:2

Annotations:
D:9 1 runed translucent door, bande's ghost, novice GrFi
D:14 4 transporters


Innate Abilities, Weirdness & Mutations

((You are very nimble when in or above water. (Stealth+, EV+, Speed+++)))
Your lower body shifts to a powerful aquatic tail in water.
You occasionally shout uncontrollably at your foes.


Message History

Your two-headed ogre misses the deep elf archer.
Your skin crawls.
You feel strong-willed.
The deep elf archer shoots an arrow.
The arrow hits your two-headed ogre!!
Your two-headed ogre hits the deep elf archer with a +0 dire flail!!!
The deep elf archer dies!
Trog accepts your kill.
Trog appreciates your killing of a magic user.
The +4 short sword of electrocution hits you but does no damage.
You are electrocuted!
* * * LOW HITPOINT WARNING * * *
Unknown command.
You miss the +4 short sword of electrocution.
The +4 short sword of electrocution hits you but does no damage.
The +4 short sword of electrocution hits you.
* * * LOW HITPOINT WARNING * * *
Unknown command.
The +4 short sword of electrocution hits you but does no damage.
You are electrocuted!
* * * LOW HITPOINT WARNING * * *
The +4 short sword of electrocution barely misses you.
Your two-headed ogre closely misses the +4 short sword of electrocution. x2
The +4 short sword of electrocution closely misses you.
The +4 short sword of electrocution attacks as you move away!
The +4 short sword of electrocution hits you but does no damage. x2
Your two-headed ogre hits the +4 short sword of electrocution with a +0 dire flail!!
The +4 short sword of electrocution falls from the air.
Trog accepts your kill.
The deep elf archer shoots an arrow.
The arrow closely misses your two-headed ogre.
The arrow misses you.
Your tin of tremorstones (2/2) has regained one charge.
A deep elf knight comes into view. It is wielding a +0 short sword.
The deep elf knight shouts!
Your two-headed ogre barely misses the deep elf knight.
Your two-headed ogre misses the deep elf knight.
You see here a +4 short sword of electrocution.
The deep elf knight points at you and mumbles some strange words.
The shard of ice hits you!!!
You die...

#........##
##.#####.......#
#######..# #.#
#..^....# .## ++#
#.# #.§.....# ..#
#.#####......## ..#
#e..e)'.....## ..#
#.)..e'....## ...
#####e#####)..## ...
..#.....O.# ##..e#
... ..'...)@#.#
.....# ..#
..#..##)#.###.§....#
..# #..
#.....+.......# ..#
#. ###.### ......#
.## # .# ......# #
.# # .# .# ..


You could see a deep elf archer (repels missiles), a deep elf knight (ally
target) and a friendly two-headed ogre (summoned, berserk).

Vanquished Creatures
  Jorgrun (Orc:2)
  An orc warlord (Orc:1)
  A minotaur (Gauntlet)
  3 fire dragons
  An ice dragon (Lair:5)
  8 hydras
  A death knight (D:14)
  3 demonspawn (Orc:2)
  3 two-headed ogres
  8 centaur warriors
  15 death yaks (Lair:4)
  6 boulder beetles
  3 dancing weapons
  2 catoblepae
  3 tengu warriors
  8 orc high priests
  A soul eater (Gauntlet)
  4 sun demons (Volcano)
  A shock serpent (shapeshifter) (D:14)
  3 deep elf knights
  5 skeletal warriors
  A flayed ghost (D:15)
  8 deep elf pyromancers
  Pikel (D:7)
  A deep elf archer (Elf:1)
  4 lindwurms
  5 deep elf zephyrmancers (Elf:1)
  A phantasmal warrior (D:14)
  2 wizards
  A necromancer (D:15)
  9 orc sorcerers
  8 orc knights
  6 cyclopes
  A shining eye (Gauntlet)
  3 wolf spiders
  5 ugly things
  12 elephants
  11 black mambas
  4 manticores
  A molten gargoyle (Gauntlet)
  A guardian serpent (Lair:5)
  4 gargoyles
  16 cane toads
  An orange demon (Orc:2)
  8 torpor snails
  2 smoke demons (Volcano)
  5 rime drakes
  7 komodo dragons
  A tengu conjurer (D:13)
  3 efreet
  2 freezing wraiths (D:14)
  A red devil (Orc:2)
  A polar bear (Lair:5)
  Grinder (D:3)
  12 hornets
  Prince Ribbit (D:7)
  4 tyrant leeches (Lair:5)
  7 trolls
  A tarantella (shapeshifter) (D:14)
  17 blink frogs
  A blink frog (shapeshifter) (D:14)
  6 slime creatures (D:13)
  A spriggan zombie (D:15)
  A dream sheep (Lair:4)
  4 jumping spiders
  A centaur simulacrum (D:14)
  An ettin skeleton (D:15)
  A culicivora (Lair:2)
  7 basilisks
  49 yaks
  14 wyverns
  7 wraiths
  3 vampire mosquitoes (D:14)
  A golden eye (Gauntlet)
  4 redbacks
  6 steam dragons
  A neqoxec (Orc:2)
  5 wargs
  2 acid dragons
  A floating eye (Gauntlet)
  23 water moccasins
  A sky beast (D:8)
  37 orc warriors
  An ice beast (D:7)
  7 black bears
  6 ogres
  8 wolves
  4 boggarts (D:15)
  2 phantoms
  9 centaurs
  2 lemures (D:7)
  2 kobold brigands
  11 bullfrogs
  2 necrophages
  2 scorpions
  7 wights
  8 killer bees
  5 howler monkeys
  3 electric eels
  5 lava snakes
  2 jellies
  25 orc priests
  4 hounds
  2 gnoll boudas (D:6)
  Jessica (D:2)
  4 iguanas
  18 orc wizards
  7 hell rats (Lair:5)
  A hound skeleton (D:5)
  A mummy (D:6)
  10 gnolls (D:6)
  7 adders
  5 shadow imps
  An ufetubus (D:5)
  2 worms
  A dart slug (D:2)
  86 orcs
  13 ball pythons
  9 endoplasms
  4 giant cockroaches
  4 goblins
  9 hobgoblins
  7 jackals
  4 quokkas
  12 bats
  2 frilled lizards
  17 kobolds
  4 kobold zombies (D:6)
  4 rats
787 creatures vanquished.

Vanquished Creatures (collateral kills)
  2 dancing weapons
  A sun demon (Volcano)
  A spark wasp zombie (D:15)
  A deep elf archer (Elf:1)
  A deep elf pyromancer (Elf:1)
  A deep elf zephyrmancer (Elf:1)
  A hell hound (Volcano)
  3 orc warriors (Orc:1)
  A centaur (D:15)
  A tengu zombie (D:15)
  An orc (Orc:1)
14 creatures vanquished.

Vanquished Creatures (others)
  A molten gargoyle (Gauntlet)
  An orc wizard (Orc:1)
  A kobold (D:9)
  A butterfly (D:9)
  41 fungi
  131 plants
  3 withered plants (D:15)
179 creatures vanquished.

Grand Total: 980 creatures vanquished

Notes
Turn   | Place    | Note
-------+----------+-------------------------------------------
     0 | D:1      | jejorda2 the Merfolk Berserker began the quest for the Orb.
     0 | D:1      | Reached XP level 1. HP: 18/18 MP: 1/1
   167 | D:1      | Found a faded altar of an unknown god.
   209 | D:1      | Reached XP level 2. HP: 24/24 MP: 2/2
   673 | D:2      | Reached XP level 3. HP: 26/29 MP: 3/3
   677 | D:2      | Reached ** piety under Trog
   809 | D:2      | Noticed Jessica
   814 | D:2      | Found an ancient bone altar of Kikubaaqudgha.
   821 | D:2      | Killed Jessica
   822 | D:2      | Reached skill level 5 in Polearms
  1003 | D:2      | Reached XP level 4. HP: 37/37 MP: 4/4
  1125 | D:2      | Identified the +7 chain mail "Qetamufu" {Stlth+}
  1502 | D:3      | Noticed a water moccasin
  1508 | D:3      | Noticed Grinder
  1515 | D:3      | Killed a water moccasin
  1516 | D:3      | Reached skill level 6 in Polearms
  1516 | D:3      | Reached XP level 5. HP: 42/42 MP: 5/5
  1523 | D:3      | Killed Grinder
  1524 | D:3      | Reached skill level 7 in Polearms
  1524 | D:3      | Reached XP level 6. HP: 50/50 MP: 6/6
  1682 | D:3      | Identified the +3 leather armour of Epenytha {rF++ rC- rN+
                  | Dex+2}
  1985 | D:3      | Reached skill level 5 in Fighting
  1985 | D:3      | Reached XP level 7. HP: 49/56 MP: 7/7
  2455 | D:4      | Reached skill level 8 in Polearms
  3133 | D:5      | Entered Level 5 of the Dungeon
  3154 | D:5      | Reached skill level 9 in Polearms
  3166 | D:5      | Reached XP level 8. HP: 64/64 MP: 8/8
  3200 | D:5      | Reached *** piety under Trog
  3243 | D:5      | Noticed a yak
  3251 | D:5      | Noticed a yak
  3253 | D:5      | Noticed a yak
  3269 | D:5      | Killed a yak
  3276 | D:5      | Killed a yak
  3277 | D:5      | Reached skill level 10 in Polearms
  3293 | D:5      | Killed a yak
  3328 | D:5      | Found a glowing drain.
  3337 | Sewer    | Entered a sewer
  3572 | Sewer    | Reached skill level 11 in Polearms
  4076 | D:5      | Found a burning altar of Makhleb.
  4179 | D:6      | Found an ancient bone altar of Kikubaaqudgha.
  4254 | D:6      | Reached XP level 9. HP: 69/69 MP: 9/9
  4285 | D:6      | Found a stormy altar of Qazlal.
  4307 | D:6      | Noticed a gargoyle
  4315 | D:6      | Killed a gargoyle
  4316 | D:6      | Reached skill level 12 in Polearms
  4393 | D:6      | Reached skill level 5 in Armour
  4396 | D:6      | Reached **** piety under Trog
  4620 | D:6      | Reached skill level 5 in Dodging
  5055 | D:6      | Found a staircase to the Ecumenical Temple.
  5289 | D:7      | Found Ympiar's Book Shop.
  5307 | D:7      | Reached skill level 13 in Polearms
  5403 | D:7      | Noticed Prince Ribbit
  5406 | D:7      | Noticed Pikel
  5429 | D:7      | Killed Pikel
  5430 | D:7      | Reached XP level 10. HP: 53/76 MP: 10/10
  5444 | D:7      | Killed Prince Ribbit
  5445 | D:7      | Reached skill level 14 in Polearms
  5566 | D:7      | Identified the +6 quarterstaff "Lunter" {venom, Fragile
                  | Str+8}
  6149 | D:8      | Reached skill level 1 in Throwing
  6156 | D:8      | Reached skill level 1 in Evocations
  6876 | D:8      | Found a runed translucent door.
  6916 | D:8      | Reached skill level 15 in Polearms
  6956 | D:8      | Found a runed translucent gate.
  6956 | D:8      | Found a runed translucent gate.
  6956 | D:8      | Found a runed translucent gate.
  6956 | D:8      | Found a runed translucent gate.
  6956 | D:8      | Found a runed translucent gate.
  6956 | D:8      | Noticed a boulder beetle
  6994 | D:8      | Found a runed translucent gate.
  6994 | D:8      | Noticed a lindwurm
  7009 | D:8      | Killed a boulder beetle
  7183 | D:9      | Noticed a two-headed ogre
  7194 | D:9      | Killed a two-headed ogre
  7195 | D:9      | Reached XP level 11. HP: 34/81 MP: 11/11
  7213 | D:9      | Reached skill level 16 in Polearms
  7229 | D:9      | Noticed a manticore
  7244 | D:9      | Killed a manticore
  7673 | D:9      | Found a white marble altar of Elyvilon.
  7980 | D:9      | Found a runed translucent door.
  7990 | D:9      | Noticed bande's ghost (novice GrFi)
  8420 | D:10     | Entered Level 10 of the Dungeon
  8683 | D:10     | Reached skill level 5 in Throwing
  8683 | D:10     | Reached skill level 5 in Evocations
  8700 | D:10     | Reached skill level 17 in Polearms
  8911 | D:10     | HP: 3/121 [orc warrior/+0 halberd (10)]
  8917 | D:10     | HP: 4/121 [poisoned by a water moccasin]
  9466 | D:10     | Found a staircase to the Lair.
  9961 | D:11     | Noticed a cyclops
  9971 | D:11     | Killed a cyclops
 10096 | D:11     | Reached XP level 12. HP: 77/88 MP: 12/12
 10169 | D:11     | Reached skill level 18 in Polearms
 10419 | D:11     | Found a blossoming altar of Fedhas.
 10461 | D:11     | Noticed a two-headed ogre
 10470 | D:11     | Killed a two-headed ogre
 10732 | D:11     | Found a staircase to the Orcish Mines.
 11286 | D:12     | Noticed a centaur warrior
 11449 | Lair:1   | Entered Level 1 of the Lair of Beasts
 11611 | Lair:1   | Identified the +2 long sword of Arrival {freeze, rElec}
 11702 | Lair:1   | Reached skill level 19 in Polearms
 12714 | Lair:2   | Noticed a six-headed hydra
 12725 | Lair:2   | Killed a six-headed hydra
 12726 | Lair:2   | Reached skill level 20 in Polearms
 12960 | Lair:2   | Reached XP level 13. HP: 37/101 MP: 13/13
 12986 | Lair:2   | Found a dark tunnel.
 12996 | Lair:2   | Reached skill level 10 in Fighting
 13029 | Volcano  | Entered a volcano
 13623 | Volcano  | Found the +2 cloak of the Thief {*Fog Slay-2 SInv Stlth+}
 13623 | Volcano  | Noticed a fire dragon
 13638 | Volcano  | Killed a fire dragon
 13981 | Lair:2   | Found a staircase to the Swamp.
 14536 | Lair:2   | Found a hole to the Spider Nest.
 15010 | Lair:3   | Found a gate leading to a gauntlet.
 15018 | Gauntlet | Entered a Gauntlet
 15018 | Gauntlet | Found a transporter.
 15044 | Gauntlet | Found a transporter.
 15046 | Gauntlet | Found a transporter.
 15057 | Gauntlet | Found a transporter.
 15060 | Gauntlet | Found a transporter.
 15064 | Gauntlet | Found a runed translucent door.
 15065 | Gauntlet | Found a runed translucent door.
 15068 | Gauntlet | Found a transporter.
 15089 | Gauntlet | Found a transporter.
 15099 | Gauntlet | Found a transporter.
 15103 | Gauntlet | Found a runed translucent door.
 15111 | Gauntlet | Found a transporter.
 15134 | Gauntlet | Found a transporter.
 15146 | Gauntlet | Found a transporter.
 15146 | Gauntlet | Found a transporter.
 15212 | Gauntlet | Found a transporter.
 15212 | Gauntlet | Found a transporter.
 15380 | Gauntlet | Reached skill level 10 in Dodging
 15400 | Gauntlet | Identified the ring "Gyalis" {Will+ Str+5}
 15500 | Gauntlet | Identified the ring "Sisa" {rF+ rN++}
 15640 | Gauntlet | Noticed a minotaur
 15653 | Gauntlet | Killed a minotaur
 16485 | Lair:3   | You fall into a shaft and drop 1 floor!
 16507 | Lair:4   | Reached XP level 14. HP: 115/115 MP: 14/14
 17211 | Lair:4   | Identified the +5 rapier of the Bespelled God {flame, rElec
                  | Dex+2}
 17694 | Lair:4   | Identified the ring "Mota Deahu" {rCorr Str+4 Int-2 Dex+9}
 18119 | Lair:4   | Reached skill level 10 in Throwing
 18451 | Lair:4   | Found a stormy altar of Qazlal.
 18622 | Lair:4   | Found a viscous altar of Jiyva.
 18641 | Lair:4   | Found a staircase to the Slime Pits.
 18683 | Lair:4   | Identified the +0 scale mail of the Guava {Rampage +Inv
                  | rF+}
 19095 | Lair:5   | Entered Level 5 of the Lair of Beasts
 19870 | Lair:5   | Reached XP level 15. HP: 118/120 MP: 15/15
 20741 | Lair:5   | Found a runed translucent door.
 21522 | Lair:5   | Identified the +5 whip of Jaxosa {speed, rElec rCorr Str-5
                  | SInv}
 22905 | D:13     | Identified a scroll of acquirement
 22906 | D:13     | Acquired the ring of Ceosid {Fly rF++ Dex+2 SInv}
 24553 | D:14     | Identified the +5 short sword "Vyitiy" {speed, rC- rN+++
                  | Will+ Dex-4}
 24763 | D:14     | Found a transporter.
 24767 | D:14     | Found a transporter.
 24767 | D:14     | Found a transporter.
 24811 | D:14     | Found an ornate altar of the Wu Jian Council.
 24961 | D:14     | Reached ***** piety under Trog
 25121 | D:14     | Found a transporter.
 25407 | D:14     | Reached XP level 16. HP: 45/132 MP: 16/16
 25635 | D:14     | Found a gate to the Vaults.
 25718 | D:14     | Reached skill level 21 in Polearms
 26243 | D:15     | Entered Level 15 of the Dungeon
 26678 | D:15     | Found a staircase to the Depths.
 27166 | D:15     | Reached skill level 22 in Polearms
 28140 | Orc:1    | Entered Level 1 of the Orcish Mines
 28295 | Orc:2    | Entered Level 2 of the Orcish Mines
 28362 | Orc:2    | Found Erhes's Distillery.
 28406 | Orc:2    | Found a staircase to the Elven Halls.
 28504 | Orc:2    | Noticed Jorgrun
 28521 | Orc:2    | Killed Jorgrun
 29161 | Orc:1    | Reached skill level 15 in Fighting
 29912 | Orc:2    | Found Laheav's General Store.
 29919 | Orc:2    | Found Kauzezxi's Magic Scroll Boutique.
 30092 | Orc:2    | Gained mutation: You occasionally shout uncontrollably at
                  | your foes. [a neqoxec]
 30099 | Orc:2    | Reached skill level 23 in Polearms
 30490 | Orc:2    | Reached XP level 17. HP: 140/142 MP: 10/17
 30706 | Orc:2    | Found Jufamaw's Antique Armour Shoppe.
 30706 | Orc:2    | Found Waruirph's Book Emporium.
 30707 | Orc:2    | Found a one-way gate leading to the halls of Pandemonium.
 30878 | Spider:1 | Entered Level 1 of the Spider Nest
 31054 | Elf:1    | Entered Level 1 of the Elven Halls
 31485 | Elf:1    | Reached skill level 24 in Polearms
 31494 | Elf:1    | Killed from afar by a deep elf knight

Illustrated notes

Levels and vault maps discovered:
D:1:      doesnt_arrival_eight_statues, layout_loops_ring, serial_glass,
          glass_columns_c, glass_columns_a, item_on_display_a,
          item_on_display_a, item_on_display_a, due_unseen_surprise,
          chequers_ecumenical_altar_simple_redux
D:2:      layout_basic, basic_altar, uniq_jessica
D:3:      minmay_wonky_spiral, layout_loops_ring, minmay_misc_feat_room,
          uniq_grinder
D:4:      minmay_chambers_of_twos, layout_basic
D:5:      wad_lake_hut, layout_basic, makhleb_blood_cavern_becter,
          portal_sewer_entry_a
D:6:      layout_basic, grunt_qazlal_clouds, lemuel_crystal_altar,
          minmay_temple_entry_proselytizer, minmay_mini_ossuary
D:7:      layout_basic, serial_shops, shop, uniq_prince_ribbit1, uniq_pikel
D:8:      gammafunk_indiana_jones, layout_rooms, serial_co_window_serial,
          co_window_corner_a, co_window_corner_a, co_window_paths_b,
          co_window_paths_a, co_window_cross_1, co_window_unsneaky_path_d,
          co_window_of_opportunity_c, co_window_paths_c,
          co_window_of_opportunity_c, co_window_unsneaky_path_c,
          co_window_broadway_b, co_window_corner_cb, glass_columns_b,
          glass_columns_a
D:9:      minmay_recursive_quarters, layout_basic,
          nicolae_elyvilon_peaceful_grove, ebering_ghost_reflecting_pool,
          grunt_ministairs_9
D:10:     layout_basic, minmay_lair_entry_grove, kennysheep_crisscross
D:11:     layout_loops_ring, hiddenorc1_lemuel, fedhas_altar_1
D:12:     layout_cross
D:13:     layout_loops_ring
D:14:     minmay_isolated_rectangles_in_corner, layout_small_grid,
          erik_vaults_1, nzn_wu_jian_council_hall, nicolae_diode_intersection
D:15:     gammafunk_depths_entry_grave, layout_irregular_city, minivault_27,
          st_stairs_1
Lair:1:   layout_gridlike, grunt_megastairs_5, infiniplex_staircase_pool_2
Lair:2:   layout_regular_city, swamp_mist, spider_nest_entry_funnel_web,
          nicolae_volcano_entry_vermiform, minivault_23,
          hangedman_lair_unloving_vines
Lair:3:   layout_cave_pods, gauntlet_entry_generic, grunt_megastairs_3,
          infiniplex_staircase_pool, serial_bayou_shore_b, serial_bayou_shore_a,
          lemuel_fruit_fields
Lair:4:   nzn_winding_woodlands_large [nzn_winding_woodlands_5x5_default,
          nzn_winding_woodlands_5x15_concentric,
          nzn_winding_woodlands_5x5_checkerboard,
          nzn_winding_woodlands_center_pierced_h,
          nzn_winding_woodlands_15x15_eel_pit,
          nzn_winding_woodlands_center_triple_pond,
          nzn_winding_woodlands_5x5_cross, nzn_winding_woodlands_5x15_twine,
          nzn_winding_woodlands_5x5_three], layout_regular_city,
          dpeg_slime_entry_corner, basic_altar
Lair:5:   hangedman_lair_tendril_chambers, layout_cellular_growth, wormcave,
          lemuel_fruit_tree
Spider:1: layout_spider_delve
Orc:1:    layout_caves
Orc:2:    pf_orc_diabolical, layout_diamond_mine, serial_shops,
          nicolae_shop_trees, statue_in_the_mist_lemuel,
          nicolae_orc_lost_temple, uniq_jorgrun
Elf:1:    minmay_elf_arrival_circle, layout_gridlike,
          hellmonk_ghost_happy_afterlife, minmay_elf_sorcery, uniq_agnes

Skill      XL: |  1  2  3  4  5  6  7  8  9 10 11 12 13 14 15 16 17 |
---------------+----------------------------------------------------+-----
Polearms       | 5 6 7 9 11 13 15 17 20 23 24 | 24.0
Armour         | 2 3 4 5 6 7 9 |  9.4
Fighting       | 4 5 6 9 12 13 15 | 15.9
Dodging        | 3 6 11 12 | 12.0
Throwing       | 3 6 11 12 | 12.0
Evocations     | 3 6 |  6.0

Action                   |  1- 3 |  4- 6 |  7- 9 | 10-12 | 13-15 | 16-18 || total
-------------------------+-------+-------+-------+-------+-------+-------++-------
Melee: Spear             |    88 |   117 |   327 |       |       |       ||   532
       Punch             |       |     2 |     4 |       |       |       ||     6
       Tailslap          |       |       |     2 |     3 |     1 |       ||     6
       Halberd           |       |       |   181 |   260 |       |       ||   441
       Glaive            |       |       |       |   504 |  1211 |       ||  1715
       Trident           |       |       |       |     7 |    89 |       ||    96
       Bardiche          |       |       |       |       |   108 |   558 ||   666
Throw: Stone             |       |       |     6 |     4 |       |       ||    10
       Dart              |       |       |       |    32 |    30 |     8 ||    70
       Boomerang         |       |       |       |       |     9 |    29 ||    38
Invok: Berserk           |       |     1 |     6 |    13 |    23 |    14 ||    57
       Trog's Hand       |       |       |     6 |    10 |    15 |     8 ||    39
       Brothers in Arms  |       |       |       |     1 |     2 |     6 ||     9
Evoke: Phial of floods   |       |       |       |     1 |       |       ||     1
       Wand              |       |       |       |       |     4 |       ||     4
       Tin of tremorston |       |       |       |       |     6 |     2 ||     8
       Condenser vane    |       |       |       |       |       |     1 ||     1
  Use: Scroll            |       |       |    13 |     9 |    12 |     2 ||    36
       Potion            |       |       |       |     1 |     9 |     1 ||    11
 Stab: Sleeping          |     1 |       |       |       |       |       ||     1
       Invisible         |       |       |       |       |     6 |       ||     6
       Distracted        |       |       |       |       |     2 |       ||     2
Armor: Leather armour    |    16 |       |       |       |     2 |       ||    18
       Ring mail         |     4 |     1 |       |       |       |       ||     5
       Chain mail        |       |    43 |   221 |   343 |   696 |   355 ||  1658
Dodge: Dodged            |    35 |    33 |   127 |   241 |   594 |   359 ||  1389

Table legend: (Time is in decaauts)
 A = Elapsed time spent in this place.
 B = Non-inter-level travel time spent in this place.
 C = Inter-level travel time spent in this place.
 D = Time resting spent in this place.
 E = Time spent auto-exploring this place.
 F = Levels seen in this place.
 G = Mean time per level.
                   A        B        C        D        E       F      G
               +--------+--------+--------+--------+--------+-----+--------+
         Total |  30967 |  28785 |   2182 |   4255 |  18380 |  27 | 1146.9 |
       Dungeon |  17011 |  15793 |   1218 |   1922 |  10946 |  15 | 1134.1 |
          Lair |   9119 |   8285 |    834 |    842 |   5456 |   5 | 1823.8 |
   Spider Nest |      1 |      1 |      0 |      0 |      0 |   1 |    1.0 |
  Orcish Mines |   2704 |   2582 |    122 |    682 |   1337 |   2 | 1352.0 |
   Elven Halls |    323 |    317 |      6 |     49 |    163 |   1 |  323.0 |
         Sewer |    208 |    208 |      0 |      0 |    142 |   1 |  208.0 |
       Volcano |    796 |    796 |      0 |    477 |     56 |   1 |  796.0 |
      Gauntlet |    802 |    802 |      0 |    282 |    278 |   1 |  802.0 |
               +--------+--------+--------+--------+--------+-----+--------+

Top non-repeatable levels by time:
  Lair:5: 3145 daAuts
    D:14: 2278 daAuts
  Lair:4: 2277 daAuts
   Orc:2: 1965 daAuts
    D:10: 1712 daAuts
    D:13: 1498 daAuts
     D:9: 1404 daAuts
    D:11: 1383 daAuts
  Lair:2: 1339 daAuts
  Lair:1: 1232 daAuts
    D:15: 1202 daAuts
     D:8: 1175 daAuts
  Lair:3: 1124 daAuts
     D:6: 1033 daAuts
     D:4: 936 daAuts
